 Dungeon Crawl Stone Soup version 0.18.1-8-gdd0e5ea (webtiles) character file.

122 Matsuo the Skirmisher (level 4, -1/37 HPs)
             Began as a Demonspawn Abyssal Knight on June 3, 2016.
             Was a Believer of Lugonu.
             Slain by Terence
             ... wielding a +1 falchion of electrocution
              (4 damage)
             ... on level 3 of the Dungeon.
             The game lasted 00:04:35 (2212 turns).

Matsuo the Skirmisher (Demonspawn Abyssal Knight)   Turns: 2212, Time: 00:04:35

Health: -1/37      AC:  8    Str: 17    XL:     4   Next: 78%
Magic:  0/5        EV: 11    Int: 14    God:    Lugonu [**....]
Gold:   50         SH:  0    Dex: 13    Spells: 0 memorised, 3 levels left

rFire  . . .     SeeInvis .     a - +1 mace
rCold  . . .     Gourm    .     f - +0 ring mail
rNeg   . . .     Faith    .     (no shield)
rPois  .         Spirit   +     (no helmet)
rElec  .         Dismiss  .     (no cloak)
rCorr  .         Reflect  .     (no gloves)
SustAt .         Harm     .     u - +0 pair of boots
MR     .....                    q - amulet of guardian spirit
Stlth  ++........               (no ring)
                                (no ring)

@: mighty, not resistant to hostile enchantments, unstealthy
A: slimy green scales 1, nightstalker 1
a: Depart the Abyss, Bend Space, Renounce Religion


You were on level 3 of the Dungeon.
You worshipped Lugonu.
Lugonu was pleased with you.
You were not hungry.

You visited 1 branch of the dungeon, and saw 3 of its levels.
You visited the Abyss 1 time.

You collected 50 gold pieces.

Inventory:

Hand Weapons
 a - a +1 mace (weapon)
Armour
 b - a +0 leather armour
 f - a +0 ring mail (worn)
 u - a +0 pair of boots (worn)
Jewellery
 q - an amulet of guardian spirit (around neck)
Wands
 e - a wand of iceblast (10/15)
Scrolls
 g - 2 scrolls of random uselessness {unknown}
 k - a scroll of teleportation {unknown}
 l - a scroll of remove curse {unknown}
 n - a scroll of immolation {unknown}
 o - 2 scrolls of magic mapping {unknown}
 p - a scroll of amnesia {unknown}
Potions
 d - a potion of resistance {unknown}
 i - a potion of might
 j - a potion of brilliance {unknown}
 m - 2 potions of haste {unknown}
 t - a potion of agility {unknown}
Comestibles
 c - a bread ration
 h - a royal jelly
 r - a beef jerky
 s - 4 chunks of flesh


   Skills:
 + Level 3.8 Fighting
 + Level 2.0 Maces & Flails
 + Level 2.8 Armour
 + Level 2.1 Dodging
 + Level 1.2 Stealth
 + Level 2.6 Invocations


You had 3 spell levels left.
You didn't know any spells.

Dungeon Overview and Level Annotations

Branches:
Dungeon (3/15)

Altars:
Makhleb
Qazlal
Yredelemnul

Annotations:
D:3 Sigmund, Terence


Innate Abilities, Weirdness & Mutations

You are partially covered in slimy green scales (AC +2).
You are slightly more attuned to the shadows.


Message History

Terence barely misses you. Terence closely misses you.
You hit Terence but do no damage.
Terence is heavily wounded.
Terence closely misses you.
You hit Terence.
Terence is severely wounded.
Terence hits you but does no damage.
You are electrocuted!
* * * LOW HITPOINT WARNING * * *
You are too injured to fight recklessly!
You are too injured to fight recklessly!
You are too injured to fight recklessly!
You are too injured to fight recklessly!
You are too injured to fight recklessly!
You are too injured to fight recklessly!
You are too injured to fight recklessly!
You are too injured to fight recklessly!
It was a potion of might.
You feel very mighty all of a sudden.
Terence hits you with a falchion of electrocution.
You die...

..#. #.# #### )$.#####)#
###...
#....#..#########...##
#............##...###
####.....###........##
####.###.####.........
##...$#.........#######
#...............# #...
#......@..<..#..## #...
#......@>....##.#####...
#..._..............##...
#...........######.<.(..
........................
.###################...
#... #... #...


You could see Terence.

Vanquished Creatures
  Natasha (twice) (D:2)
  An adder (D:2)
  A worm (D:2)
  2 dart slugs (D:1)
  An orc (D:2)
  6 bats
  9 goblins
  5 hobgoblins
  8 jackals (D:1)
  8 kobolds
  A quokka (D:2)
  A ball python (D:2)
  4 giant newts
  6 rats
55 creatures vanquished.

Notes
Turn   | Place    | Note
--------------------------------------------------------------
     0 | Abyss:1  | Matsuo the Demonspawn Abyssal Knight began the quest for the Orb.
     0 | Abyss:1  | Reached XP level 1. HP: 18/18 MP: 2/2
    53 | Abyss:3  | Noticed a neqoxec
    72 | Abyss:3  | Noticed a ynoxinul
    82 | D:1      | Escaped the Abyss
   337 | D:1      | Gained mutation: You are slightly more attuned to the shadows. [demonic ancestry]
   337 | D:1      | Reached XP level 2. HP: 20/24 MP: 3/3
   339 | D:1      | Reached * piety under Lugonu
   379 | D:1      | Reached skill level 1 in Dodging
   719 | D:1      | Gained mutation: You are partially covered in slimy green scales (AC +2). [demonic ancestry]
   719 | D:1      | Reached XP level 3. HP: 27/29 MP: 4/4
  1127 | D:2      | Noticed Natasha
  1141 | D:2      | Killed Natasha
  1141 | D:2      | Reached ** piety under Lugonu
  1141 | D:2      | Reached XP level 4. HP: 19/36 MP: 5/5
  1572 | D:2      | Noticed Natasha
  1580 | D:2      | Killed Natasha
  1580 | D:2      | Reached skill level 1 in Stealth
  1819 | D:2      | Found a basalt altar of Yredelemnul.
  2061 | D:3      | Noticed Sigmund
  2184 | D:3      | Found a burning altar of Makhleb.
  2195 | D:3      | Found a stormy altar of Qazlal.
  2197 | D:3      | Noticed Terence
  2212 | D:3      | Slain by Terence

Skill      XL: |  1  2  3  4 |
---------------+-------------+-----
Armour         | 2 |  2.8
Dodging        | 1 2 |  2.1
Maces & Flails | 2 |  2.0
Stealth        | 1 |  1.2
Fighting       | |  3.8
Invocations    | |  2.6

Action                   |  1- 3 |  4- 6 || total
-------------------------+-------+-------++-------
Melee: Mace              |   102 |    87 ||   189
Invok: Depart the Abyss  |     1 |       ||     1
  Use: Potion            |       |     1 ||     1
 Stab: Sleeping          |     2 |     3 ||     5
  Eat: Chunk             |       |     5 ||     5
Armor: Ring mail         |    45 |    40 ||    85
Dodge: Dodged            |    75 |    69 ||   144
